 Dungeon Crawl Stone Soup version 0.28-a0-2-g643f2454ad (webtiles) character file.

Game seed: 196827895913853116

9419 robertstho the Fighter (level 11, -1/104 HPs)
             Began as a Minotaur Berserker on July 22, 2021.
             Was an Elder of Trog.
             Slain by an orc warrior (9 damage)
             ... on level 11 of the Dungeon.
             The game lasted 00:12:18 (8607 turns).

robertstho the Fighter (Minotaur Berserker)         Turns: 8607, Time: 00:12:18

Health: -1/104     AC: 17    Str: 27    XL:     11   Next: 22%
Magic:  10/10      EV:  7    Int:  5    God:    Trog [****..]
Gold:   1617       SH: 11    Dex: 10    Spells: 10/10 levels left

rFire   . . .      SeeInvis .   l - +2 trident of the Pyrrhic Victory {venom, Fly rElec rF- Str+3}
rCold   x . .      Faith    .   n - +0 kite shield
rNeg    . . .      Spirit   .   u - +0 plate armour
rPois   .          Reflect  .   (helmet restricted)
rElec   +          Harm     .   (no cloak)
rCorr   +          Rampage  .   d - +1 pair of gloves
Will    .....                   (no boots)
Stlth   ..........              (no amulet)
HPRegen 0.27/turn               i - ring of resist corrosion
MPRegen 0.12/turn               b - ring of fire

@: on berserk cooldown, flying, slowed, very slow
A: horns 2, retaliatory headbutt
a: Renounce Religion, Berserk, Trog's Hand, Brothers in Arms


You were on level 11 of the Dungeon.
You worshipped Trog.
Trog was greatly pleased with you.
You visited 1 branch of the dungeon, and saw 10 of its levels.
You also visited: Sewer and Ossuary.

You collected 1617 gold pieces.

Inventory:

Hand Weapons
 a - a +0 battleaxe of flaming
 e - a +1 war axe
 l - the +2 trident of the Pyrrhic Victory (weapon) {venom, Fly rElec rF- Str+3}
   (You found it on level 4 of the Dungeon)

   It poisons the flesh of those it strikes.
   Str:       It affects your strength (+3).
   rF:        It makes you vulnerable to fire.
   rElec:     It insulates you from electricity.
   Fly:       It grants you flight.
 C - a +2 vampiric war axe
Armour
 d - a +1 pair of gloves (worn)
 n - a +0 kite shield (worn)
 u - a +0 plate armour (worn)
 D - +0 swamp dragon scales
Jewellery
 b - a ring of fire (right hand)
 i - a ring of resist corrosion (left hand)
 j - a ring of fire
 w - a ring of flight
 A - an amulet of faith
Wands
 t - a wand of digging (4)
Scrolls
 k - 2 scrolls of immolation
 o - 4 scrolls of identify
 z - 2 scrolls of acquirement
Potions
 c - 2 potions of cancellation {unknown}
 f - 2 potions of haste {unknown}
 g - 4 potions of curing
 h - a potion of might {unknown}
 m - a potion of invisibility
 p - 3 potions of mutation {unknown}
 q - 3 potions of brilliance {unknown}
 r - 2 potions of magic {unknown}
 s - a potion of ambrosia
 v - 2 potions of degeneration {unknown}
 x - 3 potions of resistance {unknown}


   Skills:
 * Level 11.7 Fighting
 + Level 6.8(9.4) Axes
 + Level 10.1(10.9) Polearms
 * Level 11.1 Armour
 + Level 3.4 Dodging
 + Level 2.1 Stealth
 + Level 6.2 Shields


You had 10 spell levels left.
You didn't know any spells.
Your spell library was empty.

Dungeon Overview and Level Annotations

Branches:
Dungeon (9/15)             Temple (0/1) D:6           Sewer (visited)
Ossuary (visited)
   Lair: D:8-11         Orc: D:9-12

Altars:
Nemelex Xobeh
Okawaru
Uskayaw
Wu Jian
Yredelemnul

Annotations:
D:9 exclusion: orange crystal statue
D:11 Snorg


Innate Abilities, Weirdness & Mutations

You have a pair of horns on your head.
You reflexively headbutt those who attack you in melee.


Message History

You hear a shout!
An orc warrior comes into view. It is wielding a +0 flail.
You feel a strong urge to attack something.
You are no longer berserk.
You are exhausted.
You feel yourself slow down.
You fail to use your ability.
The orc warrior hits you from afar with a +0 glaive.
Unknown command.
Your ogre goes berserk!
The orc warrior hits you from afar with a +0 glaive.
The orc warrior barely misses you.
Unknown command.
The orc warrior hits your ogre with a +0 flail!
Your ogre hits the orc warrior with a +0 giant club!
The orc warrior closely misses you.
The orc warrior hits your ogre with a +0 flail!
Unknown command.
Snorg bites your ogre. Snorg claws your ogre! Snorg claws your ogre!!
Your ogre dies!
Your ogre's corpse disappears in a puff of smoke!
Unknown command.
Okay, then.
As you read the scroll labelled GOMMISASEMP, it crumbles to dust.
It is a scroll of enchant armour.
Your +0 pair of gloves glows green for a moment.
The orc warrior hits you from afar with a +0 glaive!
* * * LOW HITPOINT WARNING * * *
Snorg bites you!
* * * LOW HITPOINT WARNING * * *
Snorg closely misses you. x2
The orc warrior hits you but does no damage.
Snorg bites you!
* * * LOW HITPOINT WARNING * * *
Snorg barely misses you. Snorg completely misses you.
You feel better. You block Snorg's attack. Snorg claws you.
* * * LOW HITPOINT WARNING * * *
You block Snorg's attack.
The orc warrior hits you from afar with a +0 glaive!
You die...

##..o..##
.o.....
#8)8# ##o##
#o..#
###o..#####
#.§ooo).#)#
+..T..))'.#
#..@o..)###
#.......#
##.._..##
##...##
##.## ###


You could see Snorg (berserk) and 7 orc warriors.

Vanquished Creatures
  A hydra (D:8)
  3 centaur warriors (D:11)
  A two-headed ogre (D:9)
  Pikel (D:4)
  2 ugly things (D:7)
  Maggie (D:8)
  An unseen horror (D:9)
  A shadow (D:5)
  A steam dragon (D:7)
  A water moccasin (D:8)
  7 orc warriors
  An ice beast (D:7)
  A hornet zombie (D:7)
  2 ogres
  2 necrophages (D:6)
  3 sky beasts
  3 centaurs
  A lemure (D:4)
  2 kobold brigands
  Blork the orc (D:4)
  A gnoll sergeant (D:8)
  3 scorpions (D:6)
  2 bullfrogs
  A wyvern zombie (D:8)
  2 centaur zombies (D:8)
  2 bullfrog skeletons
  A jelly (D:4)
  5 hounds (D:5)
  6 orc priests
  2 centaur skeletons (D:7)
  Ijyb (D:3)
  2 iguanas (D:5)
  3 orc wizards
  A hound skeleton (D:4)
  2 mummies (Ossuary)
  4 gnolls (D:8)
  3 river rats (D:4)
  6 adders
  2 ufetubi
  An adder skeleton (D:4)
  5 adder zombies (Ossuary)
  A worm (D:4)
  4 dart slugs
  31 orcs
  2 bats
  11 endoplasms
  3 giant cockroaches
  2 gnoll zombies (Ossuary)
  3 goblins
  6 hobgoblins
  12 jackals
  10 kobolds
  A quokka (D:4)
  2 ball pythons
  4 frilled lizards
  4 hobgoblin zombies (Ossuary)
  A jackal skeleton (D:4)
  7 kobold zombies (Ossuary)
  4 orc zombies (Ossuary)
  11 rats
210 creatures vanquished.

Vanquished Creatures (collateral kills)
  A centaur warrior (D:11)
  An orc knight (D:11)
  An orc warrior (D:11)
3 creatures vanquished.

Grand Total: 213 creatures vanquished

Notes
Turn   | Place    | Note
-------+----------+-------------------------------------------
     0 | D:1      | robertstho the Minotaur Berserker began the quest for the
                  | Orb.
     0 | D:1      | Reached XP level 1. HP: 19/19 MP: 0/0
   211 | D:1      | Reached XP level 2. HP: 28/28 MP: 1/1
   868 | D:2      | You fall into a shaft and drop 2 floors!
   874 | D:4      | Reached XP level 3. HP: 27/35 MP: 2/2
  1011 | D:4      | Noticed an ogre
  1018 | D:4      | Killed an ogre
  1019 | D:4      | Reached skill level 5 in Fighting
  1019 | D:4      | Reached XP level 4. HP: 42/42 MP: 3/3
  1104 | D:4      | Noticed Blork the orc
  1111 | D:4      | Killed Blork the orc
  1112 | D:4      | Reached XP level 5. HP: 40/50 MP: 4/4
  1129 | D:4      | Identified a scroll of acquirement
  1129 | D:4      | Acquired 1138 gold pieces
  1215 | D:4      | Reached skill level 1 in Stealth
  1257 | D:4      | Noticed a lemure
  1258 | D:4      | Noticed Pikel
  1258 | D:4      | Noticed a lemure
  1258 | D:4      | Noticed a lemure
  1258 | D:4      | Noticed a lemure
  1260 | D:4      | Found a glowing drain.
  1267 | D:4      | Killed Pikel
  1267 | D:4      | Killed a lemure
  1268 | D:4      | Reached XP level 6. HP: 22/58 MP: 5/5
  1268 | D:4      | Reached XP level 7. HP: 24/64 MP: 6/6
  1282 | Sewer    | Entered a sewer
  1557 | Sewer    | Reached ** piety under Trog
  1580 | Sewer    | Found a white marble altar of Elyvilon.
  1658 | D:4      | Found a sparkling altar of Nemelex Xobeh.
  1659 | D:4      | Found a basalt altar of Yredelemnul.
  1952 | D:4      | Identified the +2 trident of the Pyrrhic Victory {venom,
                  | Fly rElec rF- Str+3}
  2117 | D:3      | Found an ornate altar of the Wu Jian Council.
  2571 | D:3      | Noticed Ijyb
  2594 | D:3      | Paralysed by something for 2 turns
  2600 | D:3      | Paralysed by Ijyb for 7 turns
  2608 | D:3      | Paralysed by Ijyb for 6 turns
  2615 | D:3      | Paralysed by Ijyb for 5 turns
  2622 | D:3      | Killed Ijyb
  2792 | D:3      | Reached skill level 1 in Shields
  2815 | D:3      | Reached skill level 1 in Polearms
  2815 | D:3      | Reached skill level 5 in Armour
  3258 | D:2      | Found a faded altar of an unknown god.
  3562 | D:5      | Entered Level 5 of the Dungeon
  3569 | D:5      | Reached XP level 8. HP: 65/73 MP: 7/7
  3670 | D:5      | Reached *** piety under Trog
  3758 | D:5      | Found a sand-covered staircase.
  3763 | Ossuary  | Entered an ossuary
  4358 | D:6      | Found a staircase to the Ecumenical Temple.
  4383 | D:6      | You are sucked into a shaft and drop 2 floors!
  4452 | D:8      | Noticed a six-headed hydra
  4462 | D:8      | Killed a six-headed hydra
  4463 | D:8      | Reached skill level 5 in Polearms
  4463 | D:8      | Reached XP level 9. HP: 54/82 MP: 8/8
  4678 | D:7      | Reached **** piety under Trog
  4682 | D:7      | Noticed a red ugly thing
  4699 | D:7      | Killed a red ugly thing
  5064 | D:7      | Noticed a purple ugly thing
  5077 | D:7      | Killed a purple ugly thing
  5078 | D:7      | Reached skill level 10 in Fighting
  5078 | D:7      | Reached XP level 10. HP: 52/93 MP: 9/9
  6395 | D:8      | Reached skill level 5 in Shields
  6531 | D:8      | Found a hide-covered altar of Uskayaw.
  7075 | D:8      | Noticed Maggie
  7086 | D:8      | Killed Maggie
  7807 | D:9      | Noticed a two-headed ogre
  7816 | D:9      | Killed a two-headed ogre
  7817 | D:9      | Reached skill level 10 in Armour
  7932 | D:9      | Noticed an orange crystal statue
  8071 | D:9      | Noticed a purple ugly thing
  8073 | D:9      | Noticed a two-headed ogre
  8080 | D:9      | You are sucked into a shaft and drop 2 floors!
  8345 | D:11     | Found an iron altar of Okawaru.
  8345 | D:11     | Noticed a centaur warrior
  8345 | D:11     | Noticed an orc knight
  8349 | D:11     | Killed a centaur warrior
  8358 | D:11     | Killed an orc knight
  8577 | D:11     | Noticed a centaur warrior
  8577 | D:11     | Noticed a centaur warrior
  8585 | D:11     | Killed a centaur warrior
  8586 | D:11     | Reached XP level 11. HP: 102/102 MP: 10/10
  8586 | D:11     | Noticed a centaur warrior
  8586 | D:11     | Noticed Snorg
  8590 | D:11     | Killed a centaur warrior
  8591 | D:11     | Reached skill level 10 in Polearms
  8596 | D:11     | Killed a centaur warrior
  8607 | D:11     | Slain by an orc warrior

Illustrated notes

Levels and vault maps discovered:
D:1:      dpeg_arrival_renting, layout_basic, serial_rivers,
          chequers_serial_rivers_marsh, chequers_serial_rivers_micro_e,
          chequers_serial_rivers_room_b, chequers_serial_rivers_small_b,
          chequers_serial_rivers_micro_d, chequers_serial_rivers_small_b,
          chequers_avenue
D:2:      layout_rooms, ebering_ecumenical_altar_hall, hangedman_feature_mirror
D:3:      layout_basic, overflow_temple_1_default, uniq_ijyb
D:4:      layout_cave_pools, mainiacjoe_overflow_divided_tiny,
          portal_sewer_entry_a, uniq_pikel, uniq_blork_the_orc
D:5:      layout_gridville, enter_ossuary_2
D:6:      layout_cave_pods, minmay_temple_entry_sparse_star
D:7:      layout_basic, chequers_serial_rivers_micro_e, kb_rosetta
D:8:      layout_basic, general_overflow_altar, uniq_maggie
D:9:      kennysheep_blocky_room, layout_basic, kennysheep_mini,
          lair_entry_dummy, minmay_protected_statue
D:11:     evilmike_iron_armoury, layout_loops_corners,
          wad_floor_pattern_untrapped, grunt_ministairs_5, uniq_josephine,
          uniq_snorg, uniq_urug

Skill      XL: |  1  2  3  4  5  6  7  8  9 10 11 |
---------------+----------------------------------+-----
Fighting       | 4 5 6 7 8 10 11 | 11.7
Axes           | 4 6 |  6.8
Armour         | 3 4 5 7 8 10 11 | 11.1
Stealth        | 2 |  2.1
Dodging        | 3 |  3.4
Shields        | 1 3 4 5 6 |  6.2
Polearms       | 1 5 8 9 10 | 10.1

Action                   |  1- 3 |  4- 6 |  7- 9 | 10-12 || total
-------------------------+-------+-------+-------+-------++-------
Melee: Hand axe          |    17 |       |       |       ||    17
       Headbutt          |     7 |     4 |    52 |    37 ||   100
       War axe           |    19 |    11 |    38 |       ||    68
       Trident           |       |       |   274 |   194 ||   468
Invok: Berserk           |     1 |     2 |     4 |     4 ||    11
       Brothers in Arms  |       |       |       |     2 ||     2
  Use: Scroll            |       |     4 |     5 |     3 ||    12
       Potion            |       |       |       |     3 ||     3
 Stab: Sleeping          |     1 |       |       |       ||     1
Armor: Ring mail         |     3 |     7 |    47 |       ||    57
       Animal skin       |     1 |       |       |       ||     1
       Chain mail        |       |       |    27 |       ||    27
       Plate armour      |       |       |    44 |   108 ||   152
Dodge: Dodged            |    22 |     5 |    87 |    35 ||   149
Block: Buckler           |       |     4 |     6 |       ||    10
       Kite shield       |       |       |    90 |    93 ||   183

Table legend: (Time is in decaauts)
 A = Elapsed time spent in this place.
 B = Non-inter-level travel time spent in this place.
 C = Inter-level travel time spent in this place.
 D = Time resting spent in this place.
 E = Time spent auto-exploring this place.
 F = Levels seen in this place.
 G = Mean time per level.
                   A        B        C        D        E       F      G
               +--------+--------+--------+--------+--------+-----+--------+
         Total |   8810 |   8372 |    438 |    728 |   6047 |  12 |  734.2 |
       Dungeon |   8263 |   7825 |    438 |    528 |   5965 |  10 |  826.3 |
         Sewer |    372 |    372 |      0 |    200 |     30 |   1 |  372.0 |
       Ossuary |    173 |    173 |      0 |      0 |     51 |   1 |  173.0 |
               +--------+--------+--------+--------+--------+-----+--------+

Top non-repeatable levels by time:
     D:8: 1402 daAuts
     D:3: 1195 daAuts
     D:7: 1065 daAuts
     D:1: 872 daAuts
     D:4: 840 daAuts
     D:6: 840 daAuts
     D:9: 578 daAuts
     D:5: 537 daAuts
    D:11: 533 daAuts
     D:2: 397 daAuts
   Sewer: 372 daAuts
 Ossuary: 173 daAuts
